Cogmind - Beta 15 @@@ ROGUE MODE // 2025.07.13 @ 13:13:20 Player: arius Result: Destroyed by D-53 Grenadier with Mini Grenade Launcher Performance ------------- Evolutions (1) 500 Regions Visited (3) 600 Robots Destroyed (52) 260 Value Destroyed (1399) 1399 Prototype IDs (6) 120 Alien Tech Used (0) 0 Bonus (57) 57 TOTAL SCORE: 2936 Bonus ------- High Alert Combat Kills 32 Follower Combat Kills 25 Cogmind --------- Core Integrity 0/400 Matter 174/300 Energy 99/100 System Corruption 0% Temperature Cool (0) Movement Core (150) Ox2 Location -9/Mines Parts ------- > --- POWER (1) -------- (None) > --- PROPULSION (2) --- (None) > --- UTILITY (4) ------ Field Recycling Unit > --- WEAPON (2) ------- (None) > --- INVENTORY (5) ---- Trap Extractor (0/4) Mini Grenade Launcher Peak State ------------ > --- POWER ------------ Improved Ion Engine > --- PROPULSION ------- Light Treads Light Treads > --- UTILITY ---------- Cooling System Signal Interpreter Seismic Detector Field Recycling Unit > --- WEAPON ----------- Particle Gun Heavy Assault Rifle > --- INVENTORY -------- Trap Extractor Spread Laser Spread Laser Mini Grenade Launcher Mini Grenade Launcher [Rating: 15] Favorites ----------- Power Improved Ion Engine Engine Improved Ion Engine Power Core Light Nuclear Core Propulsion Light Treads Treads Light Treads Leg Aluminum Leg Utility Signal Interpreter Device Cooling System Processor Signal Interpreter Weapon Spread Laser Energy Gun Spread Laser Ballistic Gun Heavy Assault Rifle Launcher Mini Grenade Launcher Build | -11 -10 -9 -9 ------- Run | Yrd Mat Mat Min Slots Evolved 2 | . . 2 . Power . | . . . . Propulsion . | . . . . Utility 2 | . . 2 . Weapon . | . . . . Parts Attached 29 | 6 15 8 . Power 5 | 1 3 1 . Engine 4 | 1 2 1 . Core 1 | . 1 . . Reactor . | . . . . Propulsion 7 | 2 4 1 . Treads 3 | . 2 1 . Leg 4 | 2 2 . . Wheel . | . . . . Hover . | . . . . Flight . | . . . . Utility 7 | 1 4 2 . Device 5 | 1 2 2 . Storage . | . . . . Processor 2 | . 2 . . Hackware . | . . . . Protection . | . . . . Artifact . | . . . . Weapon 10 | 2 4 4 . Energy Gun 7 | 2 4 1 . Energy Cannon . | . . . . Ballistic Gun 1 | . . 1 . Ballistic Cannon . | . . . . Launcher 2 | . . 2 . Special Weapon . | . . . . Impact Weapon . | . . . . Slashing Weapon . | . . . . Piercing Weapon . | . . . . Special Melee Weapon . | . . . . Unidentified Prototypes . | . . . . Parts Lost 9 | . . 2 7 Power 1 | . . . 1 Propulsion 2 | . . . 2 Utility 3 | . . 1 2 Weapon 3 | . . 1 2 Highest Loss Streak 6 | . . 2 6 To Critical Strikes . | . . . . Average Backups 3 | 1 3 3 2 Power . | . . . . Propulsion . | 1 . . . Utility 1 | . 1 1 1 Weapon 1 | . 1 2 1 Tool/Special . | . . . . Unused Backups 5 | . 3 2 . Power . | . . . . Propulsion . | . . . . Utility 3 | . 3 . . Weapon 2 | . . 2 . Tool/Special . | . . . . Average Slot Usage (%) 92 | . 98 93 78 Engine 11 | . 11 11 11 Core 1 | . 2 . . Treads 14 | . 8 22 13 Leg 8 | . 19 . . Device 19 | . 11 27 22 Processor 12 | . 15 11 11 Energy Gun 19 | . 27 7 19 Launcher 3 | . . 11 . Peak Build Rating 15 | 6 12 15 14 Average Rating 11 | 1 10 13 12 On Entrance 7 | . 6 10 12 Naked Turns . | . . . . Heaviest Build 24 | 6 16 24 23 Greatest Support 43 | 20 40 43 43 Greatest Overweight (x) 6 | 1 5 . 6 Average Overweight (x) . | . . . . Largest Inventory Capacity 5 | 5 5 5 5 Average Capacity 5 | 5 5 5 5 Most Carried 5 | 4 5 5 3 Average Carried 3 | 1 3 3 2 Final Capacity 5 | 5 5 5 5 Final Carried 3 | . 3 3 2 Class Distribution -------------------- 100% | Mutant Dominant Class ---------------- Mutant | -10/Materials Mutant | -9/Materials Mutant | -9/Mines Resources | -11 -10 -9 -9 ----------- Run | Yrd Mat Mat Min Matter Collected 785 | 230 257 185 113 Remotely . | . . . . Salvage Created 1089 | 34 398 529 128 Parts 81 | 3 32 41 5 Haulers Intercepted . | . . . . Recyclers Shooed . | . . . . Parts Field Recycled 6 | . . 1 5 Retrieved Matter 37 | . . 12 25 Parts Self-Destructed . | . . . . Prevented . | . . . . Kills | -11 -10 -9 -9 ------- Run | Yrd Mat Mat Min Combat Hostiles Destroyed 45 | 1 16 24 4 Guns 30 | 1 16 9 4 AOE 15 | . . 15 . Classes Destroyed 6 | 1 2 3 . Worker 2 | . . 2 . Builder 1 | . . 1 . Watcher 4 | . 3 1 . Swarmer 12 | . 6 6 . Grunt 32 | 1 10 17 4 Sentry 1 | . . 1 . Best Kill Streak 12 | 1 5 12 3 Combat Bots Only 9 | 1 4 9 3 Max Kills in Single Turn 4 | 1 2 4 2 Gunslinging 1 | . 1 . 1 Exploded 4 | . . 4 . Melee . | . . . . Uniques/NPCs Destroyed . | . . . . Combat | -11 -10 -9 -9 -------- Run | Yrd Mat Mat Min Hostile Shots Fired 178 | 3 77 70 28 Missed 60 | 2 25 26 7 Hits 118 | 1 52 44 21 Projectile 118 | 1 52 44 21 AOE 15 | . . . 15 Damage Taken 1806 | 11 545 535 715 Core 568 | 11 153 143 261 Absorbed by Shields . | . . . . Core Remaining (%) 64 | 95 34 . . Volleys Fired 88 | 2 39 39 8 Largest 2 | 2 2 2 2 Hottest 130 | 80 130 130 130 Shots Fired 174 | 4 78 76 16 Gun 140 | 4 78 42 16 Cannon . | . . . . Launcher 34 | . . 34 . Special . | . . . . Kinetic 16 | . . 16 . Thermal 124 | 4 78 26 16 Explosive 34 | . . 34 . Electromagnetic . | . . . . Robot Hit Streak 12 | 1 7 5 12 Robot Miss Streak 8 | 1 8 6 5 Penetration Max . | . . . . Secondary Targets 4 | . 3 . 1 Max Gunslinging Chain 1 | . 1 . 1 Shots Hit Robots 114 | 2 68 28 16 Core Hits 151 | 2 76 53 20 Critical Kills . | . . . . Critical Parts Destroyed . | . . . . Critical Strikes . | . . . . Melee Attacks . | . . . . Impact . | . . . . Slashing . | . . . . Piercing . | . . . . Sneak Attacks . | . . . . Combat Hostiles . | . . . . Follow-up Attacks . | . . . . Damage Inflicted 2766 | 21 713 1830 202 Guns 1279 | 21 710 346 202 Cannons . | . . . . Explosions 1479 | . . 1479 . Melee . | . . . . Ramming 8 | . 3 5 . Kinetic 108 | . . 108 . Thermal 1340 | 21 710 407 202 Explosive 1310 | . . 1310 . Electromagnetic . | . . . . Impact . | . . . . Slashing . | . . . . Piercing . | . . . . Highest Corruption . | . . . . Average Corruption . | . . . . Corruption Purged . | . . . . Corruption Blocked . | . . . . Overload Shots . | . . . . Overflow Damage 46 | . . 46 . Projectiles . | . . . . Explosions 46 | . . 46 . Melee . | . . . . Knockbacks . | . . . . Impact . | . . . . Kinetic . | . . . . Secondary . | . . . . Self-Inflicted Damage 82 | . . 82 . Shots 2 | . . 2 . Rammed 4 | . . 4 . Targets Rammed 5 | . 1 4 . Kicked 1 | . 1 . . Crushed . | . . . . Highest Temperature 591 | 42 591 63 99 Average Temperature 145 | 22 173 25 47 Received Heat Transfer 411 | 6 156 153 96 Effects 10 | . 10 . . Shutdowns 3 | . 3 . . Energy Bleed 1 | . 1 . . Interference 3 | . 3 . . Matter Decay 2 | . 2 . . Damage (core) 1 | . 1 . . Siege Activations . | . . . . Martial Activations . | . . . . Shielding Activations . | . . . . Robots Disrupted . | . . . . Combat Hostiles . | . . . . Robots Corrupted . | . . . . Combat Hostiles . | . . . . Parts Fried . | . . . . Impact Corruptions . | . . . . Robots Melted . | . . . . Combat Hostiles . | . . . . Parts Melted 8 | . 3 4 1 Heat Transferred 1757 | 50 900 547 260 Parts Sabotaged . | . . . . Parts Stolen . | . . . . Parts Stripped . | . . . . Power Chain Reactions . | . . . . Alert | -11 -10 -9 -9 ------- Run | Yrd Mat Mat Min Maximum Alert Level 2 | . . 2 . Low Security (%) 93 | 100 100 81 100 Level 1 1 | . . 4 . Level 2 4 | . . 14 . Level 3 . | . . . . Level 4 . | . . . . Level 5 . | . . . . High Security . | . . . . Max Security . | . . . . Peak Influence 475 | 20 180 475 165 Initial 164 | . 13 29 164 Average 115 | 5 100 153 97 Influence Increases 1356 | 20 437 743 156 Destroy 0b10 Robot/C 920 | 20 320 480 100 Destroy 0b10 Robot/NC 35 | . 15 20 . Destroy Leader 198 | . 86 92 20 Allied During Kill 36 | . . . 36 Successful Hack 32 | . 16 16 . Disable Machine 15 | . . 15 . Destroy Structure 120 | . . 120 . Influence Decreases 1356 | . 386 391 579 Entered New Map 308 | . 7 42 259 Time Decay 970 | . 379 329 262 Lost Part 30 | . . 20 10 Lost Ally 48 | . . . 48 Squads Dispatched 9 | . 4 5 . Investigation 4 | . 2 2 . Extermination . | . . . . Reinforcement 5 | . 2 3 . Assault . | . . . . Garrison . | . . . . Intercept . | . . . . Searches Triggered . | . . . . Construction Impeded . | . . . . Haulers Reinforced . | . . . . Active Scanning Responses . | . . . . Cargo Convoy Interrupts . | . . . . Stealth | -11 -10 -9 -9 --------- Run | Yrd Mat Mat Min Distress Signals 6 | . 1 5 . Communications Jammed . | . . . . Distress Signals . | . . . . Times Spotted 67 | 1 22 37 7 Peak Tracking Total 6 | 1 6 6 3 Tactical Retreats . | . . . . Traps | -11 -10 -9 -9 ------- Run | Yrd Mat Mat Min Traps Triggered 3 | . 2 1 . Indirectly . | . . . . Trap Hack Attempts . | . . . . Triggered . | . . . . Disarmed . | . . . . Reprogrammed . | . . . . Reused . | . . . . Traps Extracted . | . . . . Installed . | . . . . Triggered . | . . . . Machines | -11 -10 -9 -9 ---------- Run | Yrd Mat Mat Min Machines Disabled 1 | . . 1 . Max in Single Turn 1 | . . 1 . Machines Repaired . | . . . . Machines Dismantled . | . . . . Machines Sabotaged . | . . . . Overloaded Fab Kills . | . . . . Hacking | -11 -10 -9 -9 --------- Run | Yrd Mat Mat Min Machines Accessed 12 | . 7 5 . Terminals 11 | . 6 5 . Fabricators . | . . . . Repair Stations . | . . . . Recycling Units 1 | . 1 . . Scanalyzers . | . . . . Garrison Access . | . . . . Total Hacks 38 | . 24 14 . Successful 23 | . 15 8 . Failed 15 | . 9 6 . Catastrophic 2 | . 1 1 . Database Lockouts . | . . . . Manual . | . . . . Terminals 37 | . 23 14 . Fabricators . | . . . . Repair Stations . | . . . . Recycling Units 1 | . 1 . . Scanalyzers . | . . . . Garrison Access . | . . . . Terminal Hacks 22 | . 14 8 . Record 8 | . 6 2 . Prototype ID Bank 4 | . 2 2 . Branch Access Points 1 | . 1 . . Emergency Access Points 1 | . . 1 . Terminal Index 1 | . 1 . . Alert Level 1 | . 1 . . Locate Traps 1 | . 1 . . Dispatch Records 1 | . 1 . . Maintenance Status 1 | . 1 . . Transport Status 1 | . . 1 . Hauler Manifests 1 | . . 1 . Zone Layout 1 | . . 1 . Fabricator Hacks . | . . . . Repair Station Hacks . | . . . . Recycling Unit Hacks 1 | . 1 . . Report Inventory 1 | . 1 . . Scanalyzer . | . . . . Garrison Access Hacks . | . . . . Unauthorized Hacks . | . . . . Terminals . | . . . . Fabricators . | . . . . Repair Stations . | . . . . Recycling Units . | . . . . Scanalyzers . | . . . . Garrison Access . | . . . . Data Cores Recovered . | . . . . Used . | . . . . Hacking Detections 10 | . 6 4 . Full Trace Events 4 | . 2 2 . Feedback Events . | . . . . Feedback Blocked . | . . . . Robot Schematics Acquired . | . . . . Robots Built . | . . . . Authchips . | . . . . Time . | . . . . Total Robot Build Rating . | . . . . Part Schematics Acquired . | . . . . Parts Built . | . . . . Authchips . | . . . . Time . | . . . . Total Part Build Rating . | . . . . Parts Repaired . | . . . . Time . | . . . . Parts Recycled . | . . . . Recycled Matter . | . . . . Retrieved Matter . | . . . . Retrieved Components . | . . . . Parts Scanalyzed . | . . . . Part Schematics Acquired . | . . . . Parts Damaged . | . . . . Bothacking | -11 -10 -9 -9 ------------ Run | Yrd Mat Mat Min Used RIF Installer . | . . . . Robots Hacked . | . . . . Non-combat . | . . . . Combat . | . . . . Robot Hacks Applied . | . . . . Relay Couplers Released . | . . . . Fabnet Peak Effective % . | . . . . Robots Rewired . | . . . . Allies Hacked . | . . . . Hacks Repelled . | . . . . Allies | -11 -10 -9 -9 -------- Run | Yrd Mat Mat Min Total Allies 5 | . . . 5 Largest Group 5 | . . . 5 Highest-Rated Group 87 | . . . 87 Highest-Rated Ally 31 | . . . 31 Total Orders . | . . . . Ally Attacks 10 | . . . 10 Total Damage 140 | . . . 140 Kills 2 | . . . 2 Allies Corrupted . | . . . . Allies Melted . | . . . . Intel | -11 -10 -9 -9 ------- Run | Yrd Mat Mat Min Active Infowar (turns) 1343 | . 574 769 . Optics 446 | . 446 . . Seismic 897 | . 128 769 . Robot Analysis Total . | . . . . Derelict Logs Recovered 2 | . . . 2 Drone Launches . | . . . . Drone Recoveries . | . . . . Exploration | -11 -10 -9 -9 ------------- Run | Yrd Mat Mat Min Turns Passed 2448 | 54 1018 792 584 Spaces Moved 1375 | 65 594 400 316 Core 92 | 64 23 . 5 Treads 889 | . 178 400 311 Legs 394 | 1 393 . . Wheels . | . . . . Hover . | . . . . Flight . | . . . . Fastest Speed 50 | 50 120 160 150 Average Speed 144 | 56 135 160 160 Slowest Speed 350 | 120 300 160 350 Overloaded Moves . | . . . . Propulsion Burnouts . | . . . . Robots Hopped . | . . . . Potential Cave-ins . | . . . . Cave-ins Triggered . | . . . . Exploration Rate (%) 48 | 6 88 42 59 Regions Visited 3 Branch Regions 1 Pre-discovered Areas 2 | . . . 2 Known Exits Taken 2 | . 1 1 . Unknown Exits Taken 1 | 1 . . . Scrap Searched . | . . . . Spaces Dug . | . . . . Terrain Destroyed 180 | . . 180 . Melee . | . . . . Projectile . | . . . . AOE 180 | . . 180 . Terrain Rammed . | . . . . Walls Destroyed . | . . . . Machines Disabled . | . . . . Actions | -11 -10 -9 -9 --------- Run | Yrd Mat Mat Min Total 1659 | 78 732 473 376 Wait 97 | . 39 8 50 Move 1372 | 64 593 399 316 Hop . | . . . . Pick Up 38 | 6 24 8 . Fast Attach . | . . . . Attach 15 | 6 6 2 1 Detach 2 | . 2 . . Swap 20 | . 12 7 1 Drop 22 | . 16 6 . Fire 88 | 2 39 39 8 Melee . | . . . . Ram . | . . . . Kick 1 | . 1 . . Crush 4 | . . 4 . Escape Stasis . | . . . . Rewire . | . . . . Trap . | . . . . Miscellaneous . | . . . . Route ------- -11/Scrapyard -10/Materials (discovered 4 exits: *Mat x2 / *Min x2) -9/Materials -9/Mines (discovered 3 exits: [*Mat] / *Exi / *Zio) History --------- Turn | Location | Event 2 | -11/Scrapyard | Met Revision 17 33 | -11/Scrapyard | Discovered new exit (range 8) 55 | -11/Scrapyard | Entered Materials 302 | -10/Materials | Build established: Mutant 360 | -10/Materials | Discovered new exit (range 16) 465 | -10/Materials | Discovered new exit (range 18) 606 | -10/Materials | Identified exit to Mines 717 | -10/Materials | Core integrity fell below 50% 992 | -10/Materials | Discovered new exit (range 13) 1072 | -10/Materials | Identified exit to Materials 1073 | -10/Materials | Entered another Materials area 1073 | -9/Materials | Evolved 2 slots: Utility x2 1786 | -9/Materials | Destroyed 9 combat bots 1847 | -9/Materials | Discovered new exit (range 11) 1863 | -9/Materials | Identified exit to Mines 1865 | -9/Materials | Entered Mines 1870 | -9/Mines | Assisted by bots powering up and referring to "LRC-V3" 1985 | -9/Mines | Deemed a non-threat by the Exiles lab entrance 1986 | -9/Mines | Discovered new exit (range 5) 1991 | -9/Mines | Identified exit to Exiles 2062 | -9/Mines | Learned location of Storage (-7) 2294 | -9/Mines | A Derelict revealed a hidden shortcut to a safe place 2297 | -9/Mines | Identified exit to Zion 2381 | -9/Mines | Discovered new exit (range 15) 2404 | -9/Mines | Assembled infested the area 2440 | -9/Mines | Core integrity fell below 50% 2448 | -9/Mines | Core integrity fell below 20% 2449 | -9/Mines | Destroyed by D-53 Grenadier with Mini Grenade Launcher Last Messages --------------- D-53 Grenadier unfolds itself. K-01 Serf collects debris. KW-3C7(z) destroyed. Trooper 2a destroyed. 29-ZBQ(g) destroyed. Trooper 2b destroyed. Spread Laser destroyed. K-01 Serf collects debris. Mercenary 2a destroyed. Imp. Treads destroyed. Spread Laser destroyed. The unstable cave ceiling collapses. K-01 Serf collects debris. Cooling System destroyed. Signal Interpreter destroyed. K-01 Serf destroyed. Imp. Ion Engine destroyed. The unstable cave ceiling collapses. K-01 Serf collects debris. The unstable cave ceiling collapses. Map ----- +----------------------------------------------------+ | | | | | | | | | ?????????????????????????????????????????????????? | | ???###???????????????????????????????????????????? | | #### #????????????????????????????????###???????? | | # #??????????????????????????????## ##?????? | | ##????????????????????????????# ##????# | | ##???????????????????????????# ##??# | | #???????????????????????????# ### | | #???????????????????????????## > | | < #?????####???????????????????### ### # | | ##???## ##????????????????????# #?# #?? | | ##### ##?????????????????### #?# #?? | | ## ####???#####??????# #?# #?? | | # k # ##?## ######## ###?# #?? | | ## ### % = = #???# #?? | | ?# %%[*#???# #?? | | ?## ## % / d ### #####???# #?? | | ??# #?# d #?# #???????# #?? | | ??# ??# #### ##?# #???????# #?? | | ??#???# #??## ##??# #???????# #?? | | ????? #???## ##### #???????# #?? | | ????### #????#### #???????# #?? | | ??????# #??????# @ #######???????# #?? | | ??????# #??????## ##?????????????# #?? | | ?????? #?????# ##??????????????# #?? | | ?????? ?????# #### #???????????????# #?? | | ?????? ??????????# #???????????????# #?? | | ?????? ??????????## ###???????????????# #?? | | ????? ###???????????#######?????????????????# ### | | ????? ??????????????????????????????????????# | | ????? ??????????????????????????????????????##### | | ????? ?????????????????????????????????#????????? | | ?????? ??????????????#########?????????? #???????? | | ???????????????????### #?????????? ???????? | | ???????????????????# #####?????? ????????? | | ???????????????????# #?????? ????????? | | ???????????????????# ### #?????? ?????#### | | ???????????????????### #?# #???### ????## | | ?????????????????????# #?# #??? #????# | | ?????????????????????#########?# #??? #????# | | ???????????????????????????????# #???# #????## | | ???????????????????????????????# #???# #?????# | | ???????????????????????????????# #???# #?????#### | | ???????????????????????????????# ##### #????????# | | ???????????????????????????????# #????????? | | ???????????????????????????????####### #????????? | | ?????????????????????????????????????# ##???????? | +----------------------------------------------------+ Best States ------------- Heat Dissipation 50 Energy Generation 14 Energy Capacity 265 Matter Stores 300 Matter Capacity 300 Sight Range 18 Terrain Scan Density 10 Evasion (%) 55 Recoil Reduction 2 Trap Extractor Capacity 4 Item Schematics ----------------- None Robot Schematics ------------------ None Fabricated ------------ Nothing Repaired ---------- Nothing Alien Tech Used ----------------- None Achievements -------------- Oops Shopping List The More The Merrier Challenges ------------ None Game ------ Seed DefenseNavigationCarapace Manual? 0 Play Time 00:51:42 Cumulative 2.8 hours Start 2025.07.13 @ 12:13:43 End 2025.07.13 @ 13:13:20 Sessions 1 Manual Loads 0 Difficulty Rogue Special Mode None Game No. 3 Rogue 3 Adventurer 0 Explorer 0 Win Type - Total 0 Types 0/0/0/0/0/0/0/0/0/0 Lore% 1 Gallery% 3 Achievement% 4 Wizard Run 0 Options --------- Layout 1 ASCII 0 Keyboard 1 Movement Vi Keybinds 0 Fullscreen 1 Font 32/SmallcapsGlow Map View 50x35 Zoom Use 0% Tactical HUD 0 Map Filters NONE Filters NONE Steam 1 RUN: afd8ac81-a368-4de7-94ac-1c816ba1e748